 Dungeon Crawl Stone Soup version 0.30-a0-141-g30f27751c5 (webtiles) character file.

Game seed: 7989186627943610144

93860 qw the Severer (level 16, 0/116 HPs)
             Began as a Gargoyle Fighter on Sept 25, 2022.
             Was a High Priest of Okawaru.
             Slain by an angel
             ... wielding a +3 whip of holy wrath
              (6 damage)
             ... on level 2 of the Abyss.
             The game lasted 00:10:09 (22048 turns).

qw the Severer (Gargoyle Fighter)                  Turns: 22048, Time: 00:10:10

Health: 0/116      AC: 43    Str: 37    XL:     16   Next: 9%
Magic:  21/23      EV: 18    Int: 14    God:    Okawaru [*****.]
Gold:   2084       SH:  7    Dex: 13    Spells: 15/15 levels left

rFire   + . .      SeeInvis +    j - +3 war axe (vamp)
rCold   + . .      Faith    .    c - +0 buckler
rNeg    + + +      Spirit   .    A - +8 chain mail of Pragmatism {Rampage *Slow rN++ Str+4}
rPois   inf        Reflect  .    E - +1 helmet {SInv}
rElec   +          Harm     .    C - +1 cloak of Starlight {*Dazzle EV+4 Stlth--}
rCorr   .          Rampage  +    p - +2 pair of gloves {Str+3}
Will    +....                    (no boots)
Stlth   ..........               k - amulet of the acrobat
HPRegen 0.00/turn                v - ring of Traps {rF+ Str+5 Int+4 Dex+2}
MPRegen 0.18/turn                B - +6 ring of dexterity

@: about to teleport, heroic, flying, inhibited regen, glowing, unable to read
A: sickness immunity, AC +12, big wings, negative energy resistance 1,
electricity resistance, torment resistance 1, petrification resistance, cold
resistance 1, robust 1, weak 1, [clumsy 2], [deterioration 2], [screaming 2],
[inhibited regeneration], ([teleportitis 2]), [no potion heal 2], [inability to
read after injury 2]
a: Renounce Religion, Heroism, Finesse, Duel


You were on level 2 of the Abyss.
You worshipped Okawaru.
Okawaru was extremely pleased with you.
You visited 3 branches of the dungeon, and saw 20 of its levels.
You visited the Abyss 1 time.

You collected 2392 gold pieces.
You spent 308 gold pieces at shops.


Innate Abilities, Weirdness & Mutations

You are immune to sickness and miasma.
Your stone body is resilient. (AC +12)
You are immune to poison.
Your large and strong wings let you fly.
You resist negative energy. (rN+)
You are resistant to electric shocks. (rElec)
You are resistant to unholy torment.
You are immune to petrification.
Your flesh is cold resistant. (rC+)
You are robust. (+10% HP)
You are weak. (Str -2)
[You are very clumsy. (Dex -4)]
[Your body often deteriorates upon taking damage.]
[You frequently scream uncontrollably at your foes.]
[You do not regenerate when monsters are visible.]
[((You are often teleported next to monsters.))]
[Potions cannot restore your health.]
[You sometimes lose the ability to read scrolls when taking damage.]


   Skills:
 + Level 14.2(19.2) Fighting
 - Level 16.0(21.0) Axes
 - Level 7.1(12.1) Throwing
 - Level 11.1(16.1) Armour
 - Level 6.9(11.9) Dodging
 - Level 9.1(14.1) Shields
 - Level 10.0 Invocations


You had 15 spell levels left.
You didn't know any spells.
Your spell library was empty.

Inventory:

Hand Weapons
 j - a +3 vampiric war axe (weapon)
 z - a +1 morningstar of draining
Missiles
 b - 6 boomerangs (quivered)
Armour
 c - a +0 buckler (worn)
 p - a +2 pair of gloves of strength (worn)
 y - +0 acid dragon scales
 A - the +8 chain mail of Pragmatism (worn) {Rampage *Slow rN++ Str+4}
   (You found it on level 5 of the Lair of Beasts)

   Str:       It affects your strength (+4).
   rN:        It greatly protects you from negative energy.
   *Slow:     It may slow you when you take damage.
   Rampage:   It bestows one free step when moving towards enemies.
 C - the +1 cloak of Starlight (worn) {*Dazzle EV+4 Stlth--}
   (You found it on level 13 of the Dungeon)

   It may blind those who miss an attack against the wearer in melee combat.
   EV:        It affects your evasion (+4).
   Stlth:     It makes you much less stealthy.
 D - the +0 crystal plate armour "Ynariema" {-Tele Harm rCorr Int+4}
   (You acquired it on level 14 of the Dungeon)

   Int:       It affects your intelligence (+4).
   -Tele:     It prevents most forms of teleportation.
   rCorr:     It protects you from acid and corrosion.
   Harm:      It increases damage dealt and taken.
 E - a +1 helmet of see invisible (worn)
Jewellery
 k - an amulet of the acrobat (around neck)
 o - a ring of ice
 v - the ring of Traps (left hand) {rF+ Str+5 Int+4 Dex+2}
   (You found it on level 5 of the Lair of Beasts)

   [ring of protection from fire]

   Str:       It affects your strength (+5).
   Int:       It affects your intelligence (+4).
   Dex:       It affects your dexterity (+2).
   rF:        It protects you from fire.
 w - a ring of resist corrosion
 B - a +6 ring of dexterity (right hand)
 Y - a ring of protection from fire
Scrolls
 a - 9 scrolls of identify
 u - a scroll of brand weapon
Potions
 d - 10 potions of might
 e - 5 potions of attraction
 f - 6 potions of mutation
 g - 6 potions of curing
 m - 3 potions of resistance
 n - 2 potions of lignification
 r - 4 potions of haste
 s - 2 potions of magic
 t - 4 potions of heal wounds
 x - 3 potions of cancellation

Dungeon Overview and Level Annotations

Branches:
Dungeon (14/15)            Temple (1/1) D:5            Lair (5/5) D:9
 Shoals (0/4) Lair:2        Snake (0/4) Lair:3        Slime (0/5) Lair:4
    Orc (0/2) D:10         Vaults (0/5) D:13

Altars:
Ashenzari
Cheibriados
Dithmenos
Elyvilon
Fedhas
Gozag
Hepliaklqana
Kikubaaqudgha
Makhleb
Nemelex Xobeh
Okawaru
Qazlal
Ru
Sif Muna
Trog
Uskayaw
Vehumet
Wu Jian
Xom
Yredelemnul
Zin
The Shining One

Shops:
D:6 !


Message History

You block the angel's attack. The angel hits you but does no damage.
You slice the smoke demon!!
The smoke demon is almost dead.
You miss the angel. You block the angel's attack.
The angel hits you but does no damage. The smoke demon gestures at you.
Something smites you!
You feel threatened and lose the ability to read scrolls!
You hit the smoke demon but do no damage.
The smoke demon is almost dead.
You miss the angel. You block the angel's attack.
The angel hits you but does no damage.
You completely miss the smoke demon.
The smoke demon is almost dead.
You closely miss the angel.
You feel like a meek peon again. The angel closely misses you.
The angel hits you but does no damage. The smoke demon gestures at you.
The ball of steam hits you! You resist.
22045 ||| INVOKING Heroism.
You gain the combat prowess of a mighty hero.
The angel hits you but does no damage. x2
The smoke demon gestures at you. The ball of steam misses you.
The angel completely misses you. The angel hits you but does no damage.
You slice the smoke demon!!
You kill the smoke demon!
Okawaru accepts your kill.
You miss the angel.
The angel hits you but does no damage. x2
A neqoxec comes into view.
You closely miss the angel.
The angel is lightly wounded.
The angel hits you but does no damage. x2
You hit the angel but do no damage.
The angel is lightly wounded.
The angel is engulfed in a cloud of scalding steam.
You block the angel's attack.
The angel hits you with a +3 whip of holy wrath.
You die...

#### # #.#.. #
###...# #.# .
#.....# #.#.
.........### # ..
....(.A¤¤#... ..
##
#..##.¤@##.#...#
#.
.##...#3.......#
#.......#.#.#...#
#..##..#..# .# ##
.# ...#...# .#
....#.# ..# # # #
. #.....## #
####.... . ..#.#
#.....#


You could see an angel and a neqoxec.

Vanquished Creatures
  A lich (D:14)
  Gastronok (Lair:3)
  2 tentacled starspawn (Abyss:2)
  A deep elf annihilator (D:14)
  A dire elephant (Lair:5)
  A yaktaur captain (D:13)
  Fannar (D:11)
  2 rakshasas
  3 catoblepae
  2 boulder beetles
  Erica (D:9)
  3 hydras (Lair:5)
  An ogre mage (D:11)
  10 two-headed ogres
  4 centaur warriors
  2 tengu warriors (D:14)
  4 death yaks (Lair:4)
  2 thrashing horrors (Abyss:2)
  6 wretched stars
  A spectral death yak (Lair:5)
  A spectral anaconda (Lair:5)
  2 cherubim (D:13)
  A shadow demon (Abyss:2)
  A deep elf archer (D:12)
  An obsidian statue (Lair:5)
  A wizard (D:14)
  3 necromancers (Lair:5)
  4 lindwurms (Lair:5)
  Pikel (D:7)
  2 deep elf pyromancers
  A manticore (D:13)
  2 oklob plants (Lair:4)
  A worldbinder (Abyss:2)
  9 cyclopes
  25 elephants
  2 ugly things
  5 black mambas
  2 smoke demons (Abyss:2)
  2 gargoyles
  A torpor snail (Lair:5)
  15 cane toads
  6 rime drakes
  2 unseen horrors
  Psyche (D:10)
  A yaktaur (D:13)
  A kobold demonologist (D:12)
  8 komodo dragons
  An efreet (D:14)
  A hornet (shapeshifter) (D:14)
  A polar bear (Lair:4)
  6 trolls
  3 meliai (D:13)
  4 raiju (Abyss:2)
  Prince Ribbit (D:6)
  22 blink frogs
  Grinder (D:3)
  3 spectral elephants (Lair:5)
  5 slime creatures (D:11)
  A centaur simulacrum (D:12)
  A wyvern (D:9)
  A hog (shapeshifter) (Abyss:2)
  A wraith (D:9)
  4 fire bats (Abyss:2)
  A vampire (D:10)
  4 large abominations (Abyss:2)
  A basilisk (Lair:1)
  3 small abominations (Abyss:2)
  48 yaks
  A chaos spawn (Abyss:2)
  2 death yak simulacra (Lair:5)
  A neqoxec (Abyss:2)
  A golden eye (shapeshifter) (D:14)
  Grum (D:9)
  A vampire mosquito (D:14)
  2 nagas (Lair:3)
  14 water moccasins
  2 spectral cane toads (Lair:5)
  An acid dragon (D:13)
  3 sky beasts (D:7)
  An ice beast (D:7)
  2 orc warriors
  A sky beast (shapeshifter) (D:14)
  A black bear (D:6)
  A boggart (D:14)
  3 ogres
  An elephant skeleton (Lair:5)
  21 wolves
  11 centaurs
  A phantom (D:6)
  5 kobold brigands
  Blork the orc (D:4)
  11 bullfrogs
  An earth elemental (Abyss:2)
  A scorpion (D:4)
  11 wights
  An elephant simulacrum (Lair:5)
  6 howler monkeys
  A quasit (Abyss:2)
  6 starcursed masses (Abyss:2)
  2 gnoll boudas
  4 orc priests
  4 hounds
  An iron imp (Abyss:2)
  Jessica (D:3)
  Ijyb (D:5)
  4 iguanas
  Natasha (thrice) (D:3)
  8 orc wizards
  Robin (D:3)
  7 gnolls
  7 adders
  A shadow imp (D:6)
  A white imp (Abyss:2)
  4 ufetubi
  5 dart slugs
  40 orcs
  11 ball pythons
  8 endoplasms
  3 giant cockroaches
  13 goblins
  9 hobgoblins
  4 jackals (D:2)
  18 kobolds
  4 quokkas
  5 bats
  5 frilled lizards
  4 rats
  2 starspawn tentacles (Abyss:2)
559 creatures vanquished.

Vanquished Creatures (others)
  A yaktaur (D:13)
  An orc warrior (D:12)
  32 fungi
  A lurking horror (Abyss:2)
  31 plants
  4 starspawn tentacles (Abyss:2)
  20 withered plants (Lair:5)
90 creatures vanquished.

Grand Total: 649 creatures vanquished

Notes
Turn   | Place    | Note
-------+----------+-------------------------------------------
     0 | D:1      | qw the Gargoyle Fighter began the quest for the Orb.
     0 | D:1      | Reached XP level 1. HP: 14/14 MP: 1/1
     0 | D:1      | 0 ||| qw: Version: 0.2-a-10-g399e6c4
     0 | D:1      | 0 ||| qw: Game counter: 163
     0 | D:1      | 0 ||| qw: Always use a shield: true
     0 | D:1      | 0 ||| qw: God list: Okawaru
     0 | D:1      | 0 ||| qw: Allow faded altars: false
     0 | D:1      | 0 ||| qw: Do Orc after D:15 true
     0 | D:1      | 0 ||| qw: Do second Lair branch before Depths: true
     0 | D:1      | 0 ||| qw: Lair rune preference: random
     0 | D:1      | 0 ||| qw: Plans: Normal, Zot:1-4, God:TSO, Crypt, Tomb,
                  | Pan, Slime:5, Hells, Abyss, Orb
     0 | D:1      | 0 ||| PLANNING D:1-11
    26 | D:1      | Reached skill level 2 in Axes
    90 | D:1      | Reached XP level 2. HP: 16/19 MP: 2/2
   144 | D:1      | 144 ||| Stepping ~*~*~tactically~*~*~ (hiding).
   468 | D:1      | Reached skill level 3 in Axes
   578 | D:1      | 578 ||| DROPPING +0 club.
   592 | D:1      | 592 ||| Stepping ~*~*~tactically~*~*~ (stealth).
   597 | D:1      | Reached XP level 3. HP: 23/23 MP: 3/3
  1019 | D:1      | 1019 ||| READING scroll labelled NAZEJI TIKYEN.
  1020 | D:1      | 1020 ||| READING scroll labelled JITOME JURPHE.
  1052 | D:2      | Found a faded altar of an unknown god.
  1169 | D:2      | 1169 ||| Stepping ~*~*~tactically~*~*~ (stealth).
  1170 | D:2      | 1170 ||| Stepping ~*~*~tactically~*~*~ (stealth).
  1338 | D:2      | Reached XP level 4. HP: 28/28 MP: 4/4
  1502 | D:2      | Reached skill level 4 in Axes
  2042 | D:2      | 2042 ||| DRINKING 2 fuming black potions.
  2042 | D:2      | Gained mutation: You are weak. (Str -2) [potion of
                  | mutation]
  2042 | D:2      | Gained mutation: You are robust. (+10% HP) [potion of
                  | mutation]
  2042 | D:2      | Gained mutation: Your flesh is cold resistant. (rC+)
                  | [potion of mutation]
  2054 | D:2      | 2054 ||| READING 7 scrolls of identify.
  2054 | D:2      | 2054 ||| IDENTIFYING blue potion
  2055 | D:2      | 2055 ||| READING 6 scrolls of identify.
  2055 | D:2      | 2055 ||| IDENTIFYING viscous inky potion
  2056 | D:2      | 2056 ||| READING 5 scrolls of identify.
  2056 | D:2      | 2056 ||| IDENTIFYING yellow potion
  2057 | D:2      | 2057 ||| DROPPING potion of invisibility.
  2075 | D:3      | Noticed Natasha
  2084 | D:3      | Killed Natasha
  2152 | D:3      | Found a shimmering altar of Xom.
  2202 | D:3      | Noticed Natasha
  2212 | D:3      | HP: 1/30 [Natasha/magic dart (10)]
  2213 | D:3      | Killed Natasha
  2214 | D:3      | Reached XP level 5. HP: 2/35 MP: 5/5
  2352 | D:3      | Noticed Natasha
  2353 | D:3      | 2353 ||| FLEEEEING.
  2356 | D:3      | 2356 ||| FLEEEEING.
  2521 | D:3      | 2521 ||| Stepping ~*~*~tactically~*~*~ (stealth).
  2528 | D:3      | 2528 ||| Stepping ~*~*~tactically~*~*~ (stealth).
  2529 | D:3      | 2529 ||| Stepping ~*~*~tactically~*~*~ (stealth).
  2531 | D:3      | 2531 ||| FLEEEEING.
  2554 | D:3      | 2554 ||| FLEEEEING.
  2561 | D:3      | 2561 ||| STAIRDANCE
  2629 | D:2      | 2629 ||| UPGRADING to +0 chain mail.
  2639 | D:2      | 2639 ||| DROPPING +0 scale mail.
  2640 | D:2      | 2640 ||| UPGRADING to amulet of the acrobat.
  2645 | D:2      | 2645 ||| READING 4 scrolls of identify.
  2645 | D:2      | 2645 ||| IDENTIFYING sapphire potion
  2646 | D:2      | 2646 ||| DROPPING potion of ambrosia.
  2660 | D:3      | 2660 ||| DROPPING +0 whip.
  2689 | D:3      | Noticed Jessica
  2690 | D:3      | 2690 ||| Stepping ~*~*~tactically~*~*~ (hiding).
  2691 | D:3      | 2691 ||| Stepping ~*~*~tactically~*~*~ (hiding).
  2693 | D:3      | 2693 ||| Stepping ~*~*~tactically~*~*~ (hiding).
  2699 | D:3      | Noticed Grinder
  2700 | D:3      | Paralysed by Grinder for 2 turns
  2707 | D:3      | Killed Jessica
  2708 | D:3      | Reached skill level 5 in Axes
  2708 | D:3      | 2708 ||| FLEEEEING.
  2709 | D:3      | 2709 ||| FLEEEEING.
  2710 | D:3      | 2710 ||| FLEEEEING.
  2711 | D:3      | 2711 ||| FLEEEEING.
  2712 | D:3      | 2712 ||| FLEEEEING.
  2714 | D:3      | 2714 ||| FLEEEEING.
  2715 | D:3      | 2715 ||| FLEEEEING.
  2716 | D:3      | 2716 ||| STAIRDANCE
  2905 | D:3      | Paralysed by Grinder for 3 turns
  2911 | D:3      | Killed Grinder
  2912 | D:3      | Reached XP level 6. HP: 20/44 MP: 6/6
  3185 | D:3      | 3185 ||| Stepping ~*~*~tactically~*~*~ (hiding).
  3195 | D:3      | 3195 ||| Stepping ~*~*~tactically~*~*~ (hiding).
  3206 | D:3      | Reached XP level 7. HP: 32/48 MP: 7/7
  3348 | D:3      | 3348 ||| Stepping ~*~*~tactically~*~*~ (hiding).
  3349 | D:3      | 3349 ||| Stepping ~*~*~tactically~*~*~ (hiding).
  3350 | D:3      | 3350 ||| Stepping ~*~*~tactically~*~*~ (hiding).
  3387 | D:3      | 3387 ||| Stepping ~*~*~tactically~*~*~ (hiding).
  3390 | D:3      | 3390 ||| Stepping ~*~*~tactically~*~*~ (hiding).
  3394 | D:3      | 3394 ||| Stepping ~*~*~tactically~*~*~ (hiding).
  3404 | D:3      | Noticed Robin
  3405 | D:3      | 3405 ||| Stepping ~*~*~tactically~*~*~ (hiding).
  3417 | D:3      | Killed Robin
  3464 | D:3      | Killed Natasha
  3672 | D:3      | 3672 ||| UPGRADING to +0 helmet.
  3677 | D:3      | 3677 ||| READING scroll labelled TOVUQE RUVO.
  3678 | D:3      | 3678 ||| READING scroll labelled WUAPLE YDE MUR.
  3679 | D:3      | 3679 ||| READING 3 scrolls of identify.
  3679 | D:3      | 3679 ||| IDENTIFYING pink potion
  3680 | D:3      | 3680 ||| DROPPING potion of degeneration.
  3722 | D:4      | Found a broken altar of Ashenzari.
  3748 | D:4      | 3748 ||| Stepping ~*~*~tactically~*~*~ (hiding).
  3888 | D:4      | Reached skill level 6 in Axes
  4060 | D:4      | 4060 ||| Stepping ~*~*~tactically~*~*~ (hiding).
  4217 | D:4      | 4217 ||| Stepping ~*~*~tactically~*~*~ (hiding).
  4388 | D:4      | 4388 ||| READING scroll of enchant weapon.
  4388 | D:4      | 4388 ||| ENCHANTING +1 war axe.
  4552 | D:4      | Found a stormy altar of Qazlal.
  4620 | D:4      | Noticed Blork the orc
  4633 | D:4      | Killed Blork the orc
  4991 | D:4      | 4991 ||| READING scroll labelled ETIXON XISI.
  5049 | D:4      | 5049 ||| READING scroll labelled RAKUAV RIQIJARCH.
  5050 | D:4      | 5050 ||| READING 2 scrolls labelled WYOZEZXASI.
  5051 | D:4      | 5051 ||| READING scroll of brand weapon.
  5051 | D:4      | 5051 ||| BRANDING +2 war axe of protection.
  5052 | D:4      | 5052 ||| READING 2 scrolls of identify.
  5052 | D:4      | 5052 ||| IDENTIFYING fuming orange potion
  5080 | D:5      | Entered Level 5 of the Dungeon
  5254 | D:5      | 5254 ||| FLEEEEING.
  5262 | D:5      | 5262 ||| STAIRDANCE
  5351 | D:4      | 5351 ||| UPGRADING to +0 plate armour.
  5361 | D:4      | 5361 ||| DROPPING +0 chain mail.
  5362 | D:4      | 5362 ||| UPGRADING to ring of resist corrosion.
  5363 | D:4      | 5363 ||| DRINKING 2 fizzy golden potions.
  5428 | D:5      | Found a staircase to the Ecumenical Temple.
  5429 | D:5      | 5429 ||| PLANNING TEMPLE
  5446 | D:5      | Reached skill level 7 in Axes
  5446 | D:5      | Reached XP level 8. HP: 55/55 MP: 8/8
  5446 | D:5      | 5446 ||| Stepping ~*~*~tactically~*~*~ (stealth).
  5447 | D:5      | 5447 ||| Stepping ~*~*~tactically~*~*~ (stealth).
  5448 | D:5      | 5448 ||| Stepping ~*~*~tactically~*~*~ (stealth).
  5450 | D:5      | 5450 ||| Stepping ~*~*~tactically~*~*~ (stealth).
  5494 | D:5      | Reached skill level 1 in Dodging
  5736 | D:5      | Noticed Ijyb
  5751 | D:5      | Killed Ijyb
  6023 | D:5      | 6023 ||| READING scroll labelled PIUXZAUDYNI.
  6123 | Temple   | Entered the Ecumenical Temple
  6137 | Temple   | 6137 ||| PLANNING OKAWARU WORSHIP
  6176 | Temple   | Became a worshipper of Warmaster Okawaru
  6177 | Temple   | 6177 ||| PLANNING D:1-11
  6277 | D:5      | Found an ornate altar of the Wu Jian Council.
  6423 | D:6      | 6423 ||| Stepping ~*~*~tactically~*~*~ (stealth).
  6425 | D:6      | 6425 ||| Stepping ~*~*~tactically~*~*~ (stealth).
  6428 | D:6      | 6428 ||| Stepping ~*~*~tactically~*~*~ (stealth).
  6480 | D:6      | 6480 ||| Stepping ~*~*~tactically~*~*~ (stealth).
  6494 | D:6      | Reached skill level 1 in Throwing
  6649 | D:6      | Noticed Prince Ribbit
  6651 | D:6      | 6651 ||| Stepping ~*~*~tactically~*~*~ (stealth).
  6663 | D:6      | Reached skill level 8 in Axes
  6664 | D:6      | Reached * piety under Okawaru
  6665 | D:6      | 6665 ||| INVOKING Heroism.
  6668 | D:6      | Reached skill level 6 in Fighting
  6677 | D:6      | 6677 ||| INVOKING Heroism.
  6679 | D:6      | Killed Prince Ribbit
  6680 | D:6      | Reached skill level 3 in Invocations
  6680 | D:6      | Reached XP level 9. HP: 33/60 MP: 5/11
  6682 | D:6      | Reached ** piety under Okawaru
  6837 | D:6      | 6837 ||| INVOKING Heroism.
  6873 | D:6      | Found a sacrificial altar of Ru.
  6909 | D:6      | Found Wiekuaj's Distillery.
  6923 | D:6      | 6923 ||| BUYING potion of attraction (33 gold).
  6923 | D:6      | Bought a potion of attraction for 33 gold pieces
  6923 | D:6      | 6923 ||| BUYING potion of curing (33 gold).
  6923 | D:6      | Bought a potion of curing for 33 gold pieces
  6923 | D:6      | 6923 ||| BUYING potion of curing (33 gold).
  6923 | D:6      | Bought a potion of curing for 33 gold pieces
  6923 | D:6      | 6923 ||| BUYING potion of haste (110 gold).
  6923 | D:6      | Bought a potion of haste for 110 gold pieces
  6923 | D:6      | 6923 ||| BUYING potion of heal wounds (55 gold).
  6923 | D:6      | Bought a potion of heal wounds for 55 gold pieces
  6923 | D:6      | 6923 ||| BUYING potion of might (44 gold).
  6923 | D:6      | Bought a potion of might for 44 gold pieces
  6923 | D:6      | 6923 ||| SHOPLISTING potion of mutation (88 gold, have 63).
  7169 | D:6      | 7169 ||| READING scroll of enchant weapon.
  7169 | D:6      | 7169 ||| ENCHANTING +2 vampiric war axe.
  7342 | D:6      | 7342 ||| READING scroll labelled DYUCVUOLOY.
  7343 | D:6      | 7343 ||| READING 2 scrolls labelled DEAXIE HIGUPHY.
  7347 | D:6      | 7347 ||| READING 3 scrolls of identify.
  7347 | D:6      | 7347 ||| IDENTIFYING puce potion
  7511 | D:7      | Killed an unseen horror
  7512 | D:7      | Reached skill level 9 in Axes
  7690 | D:7      | 7690 ||| DROPPING +0 flail.
  7750 | D:7      | 7750 ||| INVOKING Heroism.
  7870 | D:7      | 7870 ||| INVOKING Heroism.
  7877 | D:7      | Reached *** piety under Okawaru
  7878 | D:7      | Reached skill level 6 in Armour
  7898 | D:7      | 7898 ||| DRINKING 4 potions of curing.
  7898 | D:7      | 7898 ||| (to cure confusion)
  7942 | D:7      | Noticed Pikel
  7943 | D:7      | 7943 ||| INVOKING Heroism.
  7959 | D:7      | Killed Pikel
  7960 | D:7      | Reached skill level 10 in Axes
  7960 | D:7      | Reached XP level 10. HP: 51/69 MP: 11/13
  7975 | D:7      | 7975 ||| FLEEEEING.
  7976 | D:7      | 7976 ||| FLEEEEING.
  7982 | D:7      | 7982 ||| FLEEEEING.
  7983 | D:7      | 7983 ||| FLEEEEING.
  7984 | D:7      | 7984 ||| FLEEEEING.
  7985 | D:7      | 7985 ||| FLEEEEING.
  7986 | D:7      | 7986 ||| FLEEEEING.
  7987 | D:7      | 7987 ||| FLEEEEING.
  7988 | D:7      | 7988 ||| FLEEEEING.
  7989 | D:7      | 7989 ||| FLEEEEING.
  7990 | D:7      | 7990 ||| FLEEEEING.
  7991 | D:7      | 7991 ||| FLEEEEING.
  7995 | D:7      | 7995 ||| FLEEEEING.
  7996 | D:7      | 7996 ||| FLEEEEING.
  8003 | D:7      | 8003 ||| FLEEEEING.
  8004 | D:7      | 8004 ||| FLEEEEING.
  8005 | D:7      | 8005 ||| FLEEEEING.
  8006 | D:7      | 8006 ||| FLEEEEING.
  8007 | D:7      | 8007 ||| FLEEEEING.
  8012 | D:7      | 8012 ||| FLEEEEING.
  8013 | D:7      | 8013 ||| FLEEEEING.
  8048 | D:7      | Found a blossoming altar of Fedhas.
  8517 | D:7      | Found a burning altar of Makhleb.
  8558 | D:7      | Found a basalt altar of Yredelemnul.
  8687 | D:7      | 8687 ||| READING scroll labelled PAYD CACZAIGIO.
  8688 | D:7      | 8688 ||| READING 2 scrolls of identify.
  8688 | D:7      | 8688 ||| IDENTIFYING gluggy blue potion
  8689 | D:7      | 8689 ||| DROPPING potion of brilliance.
  8735 | D:8      | 8735 ||| INVOKING Heroism.
  8931 | D:8      | 8931 ||| Stepping ~*~*~tactically~*~*~ (stealth).
  8945 | D:8      | Reached **** piety under Okawaru
  8961 | D:8      | 8961 ||| Stepping ~*~*~tactically~*~*~ (hiding).
  8963 | D:8      | Found a hide-covered altar of Uskayaw.
  9019 | D:8      | 9019 ||| Stepping ~*~*~tactically~*~*~ (stealth).
  9020 | D:8      | 9020 ||| Stepping ~*~*~tactically~*~*~ (stealth).
  9346 | D:8      | Found a white marble altar of Elyvilon.
  9404 | D:9      | Noticed Grum
  9405 | D:9      | 9405 ||| Stepping ~*~*~tactically~*~*~ (hiding).
  9409 | D:9      | 9409 ||| INVOKING Heroism.
  9428 | D:9      | Killed Grum
  9624 | D:9      | Noticed Erica
  9625 | D:9      | 9625 ||| Stepping ~*~*~tactically~*~*~ (hiding).
  9626 | D:9      | 9626 ||| Stepping ~*~*~tactically~*~*~ (hiding).
  9628 | D:9      | 9628 ||| INVOKING Heroism.
  9630 | D:9      | 9630 ||| DRINKING 5 potions of curing.
  9630 | D:9      | 9630 ||| (to cure confusion)
  9637 | D:9      | Killed Erica
  9638 | D:9      | Reached skill level 11 in Axes
  9798 | D:9      | 9798 ||| INVOKING Heroism.
  9995 | D:9      | Found a hazy altar of Hepliaklqana.
  9996 | D:9      | Found a glowing silver altar of Zin.
  9997 | D:9      | 9997 ||| READING scroll of teleportation.
 10014 | D:9      | Noticed a two-headed ogre
 10015 | D:9      | 10015 ||| INVOKING Heroism.
 10021 | D:9      | Killed a two-headed ogre
 10022 | D:9      | Reached skill level 6 in Invocations
 10022 | D:9      | Reached XP level 11. HP: 74/74 MP: 12/15
 10086 | D:9      | 10086 ||| Stepping ~*~*~tactically~*~*~ (stealth).
 10089 | D:9      | 10089 ||| Stepping ~*~*~tactically~*~*~ (stealth).
 10092 | D:9      | 10092 ||| INVOKING Heroism.
 10093 | D:9      | 10093 ||| Stepping ~*~*~tactically~*~*~ (stealth).
 10094 | D:9      | 10094 ||| Stepping ~*~*~tactically~*~*~ (stealth).
 10107 | D:9      | 10107 ||| Stepping ~*~*~tactically~*~*~ (stealth).
 10120 | D:9      | 10120 ||| Stepping ~*~*~tactically~*~*~ (stealth).
 10125 | D:9      | 10125 ||| INVOKING Heroism.
 10140 | D:9      | Reached ***** piety under Okawaru
 10151 | D:9      | Reached skill level 9 in Fighting
 10169 | D:9      | Noticed a two-headed ogre
 10170 | D:9      | 10170 ||| Stepping ~*~*~tactically~*~*~ (stealth).
 10171 | D:9      | 10171 ||| Stepping randomly (stuck).
 10172 | D:9      | 10172 ||| Stepping randomly (stuck).
 10197 | D:9      | 10197 ||| INVOKING Heroism.
 10206 | D:9      | Killed a two-headed ogre
 10360 | D:9      | Found a staircase to the Lair.
 10362 | D:9      | 10362 ||| INVOKING Heroism.
 10383 | D:9      | Received a gift from Okawaru
 10507 | D:9      | 10507 ||| PLANNING LAIR
 10507 | D:9      | 10507 ||| DROPPING amulet of faith.
 10508 | D:9      | 10508 ||| READING scroll labelled FOZYAXI RESACWORCH.
 10677 | Lair:1   | Entered Level 1 of the Lair of Beasts
 10678 | Lair:1   | 10678 ||| INVOKING Heroism.
 10752 | Lair:1   | 10752 ||| Stepping ~*~*~tactically~*~*~ (stealth).
 10753 | Lair:1   | 10753 ||| INVOKING Heroism.
 10839 | Lair:1   | 10839 ||| Stepping ~*~*~tactically~*~*~ (stealth).
 10841 | Lair:1   | 10841 ||| INVOKING Heroism.
 10848 | Lair:1   | Noticed a boulder beetle
 10849 | Lair:1   | 10849 ||| INVOKING Finesse.
 10861 | Lair:1   | Reached skill level 9 in Invocations
 10886 | Lair:1   | Killed a boulder beetle
 11037 | Lair:1   | 11037 ||| INVOKING Heroism.
 11387 | Lair:1   | 11387 ||| READING scroll labelled WETUMANTAM.
 11408 | Lair:2   | 11408 ||| INVOKING Heroism.
 11524 | Lair:2   | 11524 ||| Stepping ~*~*~tactically~*~*~ (stealth).
 11526 | Lair:2   | 11526 ||| INVOKING Heroism.
 11539 | Lair:2   | Reached skill level 3 in Throwing
 11539 | Lair:2   | Reached XP level 12. HP: 83/83 MP: 17/19
 11570 | Lair:2   | Noticed a boulder beetle
 11571 | Lair:2   | 11571 ||| INVOKING Heroism.
 11572 | Lair:2   | 11572 ||| INVOKING Finesse.
 11592 | Lair:2   | Killed a boulder beetle
 11593 | Lair:2   | Reached skill level 12 in Axes
 11647 | Lair:2   | 11647 ||| Stepping ~*~*~tactically~*~*~ (stealth).
 11652 | Lair:2   | 11652 ||| INVOKING Heroism.
 11770 | Lair:2   | 11770 ||| INVOKING Heroism.
 12010 | Lair:2   | Found a staircase to the Shoals.
 12064 | Lair:2   | Reached skill level 6 in Shields
 12280 | Lair:2   | 12280 ||| DROPPING +6 ring of intelligence.
 12281 | Lair:2   | 12281 ||| READING scroll labelled HITWIJ REEFOFO.
 12281 | Lair:2   | Identified a scroll of acquirement
 12281 | Lair:2   | 12281 ||| ACQUIRING 829 gold pieces
 12281 | Lair:2   | Acquired 829 gold pieces
 12283 | Lair:2   | 12283 ||| READING scroll labelled ZEPURPH MUHERCH.
 12320 | Lair:3   | 12320 ||| Stepping ~*~*~tactically~*~*~ (stealth).
 12323 | Lair:3   | 12323 ||| INVOKING Heroism.
 12338 | Lair:3   | Received a gift from Okawaru
 12364 | Lair:3   | 12364 ||| Stepping ~*~*~tactically~*~*~ (stealth).
 12374 | Lair:3   | Found a staircase to the Snake Pit.
 12375 | Lair:3   | 12375 ||| Stepping ~*~*~tactically~*~*~ (hiding).
 12606 | Lair:3   | Noticed Gastronok
 12607 | Lair:3   | 12607 ||| FLEEEEING.
 12627 | Lair:3   | 12627 ||| FLEEEEING.
 12647 | Lair:3   | 12647 ||| FLEEEEING.
 12667 | Lair:3   | 12667 ||| FLEEEEING.
 12669 | Lair:3   | 12669 ||| STAIRDANCE
 12715 | Lair:2   | 12715 ||| UPGRADING to +2 pair of gloves of strength.
 12720 | Lair:2   | 12720 ||| UPGRADING to ring of protection from fire.
 12723 | Lair:3   | 12723 ||| INVOKING Heroism.
 12740 | Lair:3   | Killed Gastronok
 12844 | Lair:3   | 12844 ||| INVOKING Heroism.
 12854 | Lair:3   | Reached skill level 9 in Armour
 12951 | Lair:3   | 12951 ||| Stepping ~*~*~tactically~*~*~ (stealth).
 12952 | Lair:3   | 12952 ||| INVOKING Heroism.
 12973 | Lair:3   | Reached XP level 13. HP: 91/91 MP: 20/20
 13374 | Lair:4   | 13374 ||| INVOKING Heroism.
 13375 | Lair:4   | 13375 ||| STAIRDANCE
 13389 | Lair:4   | 13389 ||| STAIRDANCE
 13412 | Lair:4   | 13412 ||| Stepping ~*~*~tactically~*~*~ (stealth).
 13425 | Lair:4   | Reached skill level 13 in Axes
 13518 | Lair:4   | 13518 ||| Stepping ~*~*~tactically~*~*~ (stealth).
 13519 | Lair:4   | 13519 ||| Stepping ~*~*~tactically~*~*~ (stealth).
 13522 | Lair:4   | 13522 ||| INVOKING Heroism.
 13550 | Lair:4   | Reached ****** piety under Okawaru
 13559 | Lair:4   | 13559 ||| Stepping ~*~*~tactically~*~*~ (stealth).
 13579 | Lair:4   | 13579 ||| INVOKING Heroism.
 13616 | Lair:4   | 13616 ||| INVOKING Heroism.
 13618 | Lair:4   | 13618 ||| Stepping ~*~*~tactically~*~*~ (stealth).
 13697 | Lair:4   | Identified the +8 sling "Negoer" {venom, Drain rN+ Int+2}
 13713 | Lair:4   | 13713 ||| Stepping ~*~*~tactically~*~*~ (stealth).
 14003 | Lair:4   | 14003 ||| Stepping ~*~*~tactically~*~*~ (stealth).
 14005 | Lair:4   | 14005 ||| INVOKING Heroism.
 14008 | Lair:4   | 14008 ||| INVOKING Finesse.
 14010 | Lair:4   | 14010 ||| Stepping ~*~*~tactically~*~*~ (stealth).
 14025 | Lair:4   | Reached skill level 14 in Axes
 14033 | Lair:4   | Identified the +8 executioner's axe of Chagrin {pain, rC+
                  | SInv} (Okawaru gifted it to you on level 4 of the Lair of
                  | Beasts)
 14033 | Lair:4   | Received a gift from Okawaru
 14094 | Lair:4   | 14094 ||| INVOKING Heroism.
 14095 | Lair:4   | 14095 ||| INVOKING Finesse.
 14096 | Lair:4   | Found a staircase to the Slime Pits.
 14106 | Lair:4   | 14106 ||| READING 2 scrolls of teleportation.
 14389 | Lair:4   | 14389 ||| INVOKING Heroism.
 14390 | Lair:4   | 14390 ||| INVOKING Finesse.
 14439 | Lair:4   | 14439 ||| READING 5 scrolls of identify.
 14439 | Lair:4   | 14439 ||| IDENTIFYING glowing emerald potion
 14440 | Lair:4   | 14440 ||| DROPPING potion of berserk rage.
 14496 | Lair:5   | Entered Level 5 of the Lair of Beasts
 14497 | Lair:5   | 14497 ||| INVOKING Heroism.
 14520 | Lair:5   | Received a gift from Okawaru
 14614 | Lair:5   | 14614 ||| INVOKING Heroism.
 14629 | Lair:5   | Identified the +2 robe "Ofeluep" {Int+2 SInv} (Okawaru
                  | gifted it to you on level 5 of the Lair of Beasts)
 14629 | Lair:5   | Received a gift from Okawaru
 14676 | Lair:5   | 14676 ||| INVOKING Heroism.
 14713 | Lair:5   | 14713 ||| INVOKING Heroism.
 14714 | Lair:5   | 14714 ||| SWAPPING to +3 morningstar.
 14715 | Lair:5   | 14715 ||| INVOKING Finesse.
 14725 | Lair:5   | 14725 ||| SWAPPING to +3 vampiric war axe.
 14805 | Lair:5   | 14805 ||| INVOKING Heroism.
 14806 | Lair:5   | 14806 ||| INVOKING Finesse.
 14808 | Lair:5   | 14808 ||| SWAPPING to +3 morningstar.
 14815 | Lair:5   | 14815 ||| SWAPPING to +3 vampiric war axe.
 14952 | Lair:5   | 14952 ||| INVOKING Heroism.
 15019 | Lair:5   | 15019 ||| INVOKING Heroism.
 15029 | Lair:5   | Gained mutation: Your large and strong wings let you fly.
                  | [Gargoyle growth]
 15029 | Lair:5   | Reached XP level 14. HP: 94/99 MP: 19/21
 15034 | Lair:5   | Reached skill level 6 in Throwing
 15074 | Lair:5   | 15074 ||| Stepping ~*~*~tactically~*~*~ (stealth).
 15080 | Lair:5   | 15080 ||| INVOKING Heroism.
 15206 | Lair:5   | 15206 ||| INVOKING Heroism.
 15207 | Lair:5   | 15207 ||| INVOKING Finesse.
 15208 | Lair:5   | 15208 ||| SWAPPING to +3 morningstar.
 15214 | Lair:5   | Reached skill level 15 in Axes
 15214 | Lair:5   | 15214 ||| SWAPPING to +3 vampiric war axe.
 15256 | Lair:5   | 15256 ||| INVOKING Heroism.
 15322 | Lair:5   | Identified the ring of Traps {rF+ Str+5 Int+4 Dex+2}
 15360 | Lair:5   | 15360 ||| Stepping ~*~*~tactically~*~*~ (stealth).
 15361 | Lair:5   | 15361 ||| INVOKING Heroism.
 15362 | Lair:5   | 15362 ||| INVOKING Finesse.
 15444 | Lair:5   | 15444 ||| Stepping ~*~*~tactically~*~*~ (stealth).
 15452 | Lair:5   | 15452 ||| INVOKING Heroism.
 15527 | Lair:5   | Reached skill level 12 in Fighting
 15545 | Lair:5   | 15545 ||| DROPPING +0 morningstar of draining.
 15736 | Lair:5   | 15736 ||| INVOKING Heroism.
 15943 | Lair:5   | Noticed a dire elephant
 16150 | Lair:5   | 16150 ||| INVOKING Heroism.
 16173 | Lair:5   | Killed a dire elephant
 16208 | Lair:5   | 16208 ||| DROPPING +3 morningstar.
 16231 | Lair:5   | 16231 ||| INVOKING Heroism.
 16232 | Lair:5   | 16232 ||| INVOKING Finesse.
 16317 | Lair:5   | 16317 ||| FLEEEEING.
 16318 | Lair:5   | 16318 ||| INVOKING Finesse.
 16584 | Lair:5   | Received a gift from Okawaru
 16679 | Lair:5   | Identified the +8 chain mail of Pragmatism {Rampage *Slow
                  | rN++ Str+4}
 16748 | Lair:5   | 16748 ||| INVOKING Heroism.
 16826 | Lair:5   | 16826 ||| INVOKING Heroism.
 16971 | Lair:5   | 16971 ||| PLANNING D:1-11
 16971 | Lair:5   | 16971 ||| DROPPING orb of light.
 16972 | Lair:5   | 16972 ||| UPGRADING to +8 chain mail of Pragmatism {Rampage
                  | *Slow rN++ Str+4}.
 16982 | Lair:5   | 16982 ||| DROPPING +0 plate armour.
 16983 | Lair:5   | 16983 ||| UPGRADING to ring of Traps {rF+ Str+5 Int+4
                  | Dex+2}.
 16985 | Lair:5   | 16985 ||| DRINKING 3 glowing ruby potions.
 17155 | D:10     | Entered Level 10 of the Dungeon
 17213 | D:10     | Noticed Psyche
 17309 | D:10     | Found a glowing golden altar of the Shining One.
 17321 | D:10     | You are sucked into a shaft and drop 1 floor!
 17336 | D:11     | 17336 ||| INVOKING Heroism.
 17347 | D:11     | Reached skill level 3 in Dodging
 17368 | D:11     | Reached skill level 16 in Axes
 17491 | D:11     | 17491 ||| Stepping ~*~*~tactically~*~*~ (stealth).
 17492 | D:11     | 17492 ||| Stepping ~*~*~tactically~*~*~ (stealth).
 17493 | D:11     | 17493 ||| Stepping ~*~*~tactically~*~*~ (stealth).
 17501 | D:10     | 17501 ||| Stepping ~*~*~tactically~*~*~ (hiding).
 17502 | D:10     | 17502 ||| Stepping ~*~*~tactically~*~*~ (hiding).
 17503 | D:10     | 17503 ||| Stepping ~*~*~tactically~*~*~ (hiding).
 17516 | D:10     | Received a gift from Okawaru
 17586 | D:10     | 17586 ||| Stepping ~*~*~tactically~*~*~ (stealth).
 17588 | D:10     | 17588 ||| Stepping ~*~*~tactically~*~*~ (stealth).
 17592 | D:10     | 17592 ||| INVOKING Heroism.
 17610 | D:10     | 17610 ||| Stepping ~*~*~tactically~*~*~ (stealth).
 17627 | D:10     | 17627 ||| Stepping ~*~*~tactically~*~*~ (stealth).
 17635 | D:10     | 17635 ||| Stepping ~*~*~tactically~*~*~ (stealth).
 17650 | D:10     | Found a staircase to the Orcish Mines.
 17844 | D:10     | Found a sparkling altar of Nemelex Xobeh.
 17940 | D:10     | 17940 ||| Stepping ~*~*~tactically~*~*~ (stealth).
 17942 | D:10     | 17942 ||| Stepping ~*~*~tactically~*~*~ (stealth).
 17944 | D:10     | 17944 ||| INVOKING Heroism.
 17946 | D:10     | 17946 ||| Stepping ~*~*~tactically~*~*~ (stealth).
 18259 | D:10     | Killed Psyche
 18343 | D:11     | 18343 ||| Stepping ~*~*~tactically~*~*~ (hiding).
 18438 | D:11     | 18438 ||| Stepping ~*~*~tactically~*~*~ (stealth).
 18444 | D:11     | 18444 ||| INVOKING Heroism.
 18595 | D:11     | Noticed Fannar
 18611 | D:11     | Killed Fannar
 18864 | D:11     | 18864 ||| INVOKING Heroism.
 18867 | D:11     | 18867 ||| READING 2 scrolls of teleportation.
 19024 | D:11     | Received a gift from Okawaru
 19025 | D:11     | Reached XP level 15. HP: 105/105 MP: 22/22
 19141 | D:11     | 19141 ||| INVOKING Heroism.
 19190 | D:11     | 19190 ||| PLANNING D
 19190 | D:11     | 19190 ||| DROPPING amulet of guardian spirit.
 19259 | D:12     | 19259 ||| INVOKING Heroism.
 19277 | D:12     | 19277 ||| DRINKING 6 potions of curing.
 19277 | D:12     | 19277 ||| (to cure confusion)
 19307 | D:12     | 19307 ||| FLEEEEING.
 19308 | D:12     | 19308 ||| FLEEEEING.
 19309 | D:12     | 19309 ||| FLEEEEING.
 19310 | D:12     | 19310 ||| STAIRDANCE
 19414 | D:12     | 19414 ||| STAIRDANCE
 19426 | D:12     | 19426 ||| INVOKING Heroism.
 19809 | D:12     | 19809 ||| DROPPING amulet of magic regeneration.
 19810 | D:12     | 19810 ||| UPGRADING to +6 ring of dexterity.
 19891 | D:13     | 19891 ||| Stepping ~*~*~tactically~*~*~ (hiding).
 19892 | D:13     | 19892 ||| Stepping ~*~*~tactically~*~*~ (hiding).
 19893 | D:13     | 19893 ||| INVOKING Heroism.
 19926 | D:13     | Found a gate to the Vaults.
 19965 | D:13     | Received a gift from Okawaru
 20227 | D:13     | 20227 ||| INVOKING Heroism.
 20264 | D:13     | Found the +1 cloak of Starlight {*Dazzle EV+4 Stlth--}
 20289 | D:13     | 20289 ||| Stepping ~*~*~tactically~*~*~ (hiding).
 20873 | D:13     | 20873 ||| UPGRADING to +1 cloak of Starlight {*Dazzle EV+4
                  | Stlth--}.
 20915 | D:14     | 20915 ||| READING scroll of acquirement.
 20915 | D:14     | 20915 ||| ACQUIRING +0 crystal plate armour "Ynariema"
                  | {-Tele Harm rCorr Int+4}
 20915 | D:14     | Acquired the +0 crystal plate armour "Ynariema" {-Tele Harm
                  | rCorr Int+4}
 20918 | D:14     | 20918 ||| Stepping ~*~*~tactically~*~*~ (hiding).
 20919 | D:14     | 20919 ||| Stepping ~*~*~tactically~*~*~ (hiding).
 20929 | D:14     | Received a gift from Okawaru
 20936 | D:14     | Reached skill level 9 in Shields
 20964 | D:14     | 20964 ||| Stepping ~*~*~tactically~*~*~ (hiding).
 20973 | D:14     | 20973 ||| INVOKING Heroism.
 20981 | D:14     | Reached skill level 6 in Dodging
 21020 | D:14     | 21020 ||| FLEEEEING.
 21025 | D:14     | 21025 ||| STAIRDANCE
 21093 | D:13     | 21093 ||| UPGRADING to +1 helmet of see invisible.
 21103 | D:13     | 21103 ||| DROPPING +0 helmet.
 21118 | D:14     | 21118 ||| FLEEEEING.
 21177 | D:14     | Noticed a lich
 21178 | D:14     | 21178 ||| Stepping ~*~*~tactically~*~*~ (hiding).
 21181 | D:14     | 21181 ||| Stepping ~*~*~tactically~*~*~ (hiding).
 21182 | D:14     | 21182 ||| INVOKING Heroism.
 21183 | D:14     | 21183 ||| INVOKING Finesse.
 21192 | D:14     | Killed a lich
 21197 | D:14     | 21197 ||| Stepping ~*~*~tactically~*~*~ (hiding).
 21199 | D:14     | 21199 ||| Stepping ~*~*~tactically~*~*~ (hiding).
 21200 | D:14     | 21200 ||| Stepping ~*~*~tactically~*~*~ (hiding).
 21201 | D:14     | 21201 ||| Stepping ~*~*~tactically~*~*~ (hiding).
 21202 | D:14     | 21202 ||| Stepping ~*~*~tactically~*~*~ (hiding).
 21217 | D:14     | 21217 ||| Stepping ~*~*~tactically~*~*~ (hiding).
 21218 | D:14     | 21218 ||| Stepping ~*~*~tactically~*~*~ (hiding).
 21237 | D:14     | 21237 ||| INVOKING Heroism.
 21265 | D:14     | 21265 ||| Stepping ~*~*~tactically~*~*~ (stealth).
 21280 | D:14     | 21280 ||| INVOKING Finesse.
 21328 | Abyss:2  | Cast into level 2 of the Abyss (a wizard)
 21336 | Abyss:2  | Found a bloodstained altar of Trog.
 21374 | Abyss:2  | 21374 ||| Stepping ~*~*~tactically~*~*~ (stealth).
 21420 | Abyss:2  | 21420 ||| Stepping ~*~*~tactically~*~*~ (stealth).
 21426 | Abyss:2  | 21426 ||| Stepping ~*~*~tactically~*~*~ (stealth).
 21427 | Abyss:2  | 21427 ||| Stepping ~*~*~tactically~*~*~ (stealth).
 21441 | Abyss:2  | Noticed a lich
 21442 | Abyss:2  | 21442 ||| Stepping ~*~*~tactically~*~*~ (stealth).
 21454 | Abyss:2  | Found a bloodstained altar of Trog.
 21521 | Abyss:2  | 21521 ||| Stepping ~*~*~tactically~*~*~ (stealth).
 21522 | Abyss:2  | 21522 ||| Stepping ~*~*~tactically~*~*~ (stealth).
 21523 | Abyss:2  | 21523 ||| Stepping ~*~*~tactically~*~*~ (stealth).
 21546 | Abyss:2  | 21546 ||| Stepping ~*~*~tactically~*~*~ (stealth).
 21547 | Abyss:2  | 21547 ||| Stepping ~*~*~tactically~*~*~ (stealth).
 21548 | Abyss:2  | 21548 ||| Stepping ~*~*~tactically~*~*~ (stealth).
 21549 | Abyss:2  | 21549 ||| Stepping ~*~*~tactically~*~*~ (stealth).
 21624 | Abyss:2  | 21624 ||| Stepping ~*~*~tactically~*~*~ (stealth).
 21654 | Abyss:2  | 21654 ||| Stepping ~*~*~tactically~*~*~ (stealth).
 21659 | Abyss:2  | 21659 ||| Stepping ~*~*~tactically~*~*~ (hiding).
 21739 | Abyss:2  | 21739 ||| Stepping ~*~*~tactically~*~*~ (stealth).
 21740 | Abyss:2  | 21740 ||| Stepping ~*~*~tactically~*~*~ (stealth).
 21741 | Abyss:2  | 21741 ||| Stepping ~*~*~tactically~*~*~ (stealth).
 21742 | Abyss:2  | 21742 ||| Stepping ~*~*~tactically~*~*~ (stealth).
 21743 | Abyss:2  | 21743 ||| Stepping ~*~*~tactically~*~*~ (stealth).
 21779 | Abyss:2  | 21779 ||| Stepping ~*~*~tactically~*~*~ (stealth).
 21782 | Abyss:2  | 21782 ||| Stepping ~*~*~tactically~*~*~ (stealth).
 21812 | Abyss:2  | Noticed a tentacled starspawn
 21813 | Abyss:2  | 21813 ||| Stepping ~*~*~tactically~*~*~ (stealth).
 21815 | Abyss:2  | 21815 ||| Stepping ~*~*~tactically~*~*~ (hiding).
 21826 | Abyss:2  | Killed a tentacled starspawn
 21826 | Abyss:2  | Received a gift from Okawaru
 21827 | Abyss:2  | Reached XP level 16. HP: 96/116 MP: 18/18
 21837 | Abyss:2  | 21837 ||| Stepping ~*~*~tactically~*~*~ (stealth).
 21841 | Abyss:2  | 21841 ||| Stepping ~*~*~tactically~*~*~ (stealth).
 21844 | Abyss:2  | 21844 ||| Stepping ~*~*~tactically~*~*~ (stealth).
 21845 | Abyss:2  | 21845 ||| Stepping ~*~*~tactically~*~*~ (hiding).
 21848 | Abyss:2  | 21848 ||| Stepping ~*~*~tactically~*~*~ (hiding).
 21851 | Abyss:2  | 21851 ||| INVOKING Heroism.
 21892 | Abyss:2  | Noticed a tentacled starspawn
 21893 | Abyss:2  | 21893 ||| Stepping ~*~*~tactically~*~*~ (stealth).
 21895 | Abyss:2  | 21895 ||| Stepping ~*~*~tactically~*~*~ (stealth).
 21916 | Abyss:2  | 21916 ||| Stepping ~*~*~tactically~*~*~ (stealth).
 21939 | Abyss:2  | 21939 ||| Stepping ~*~*~tactically~*~*~ (stealth).
 21940 | Abyss:2  | 21940 ||| INVOKING Heroism.
 21949 | Abyss:2  | Killed a tentacled starspawn
 21955 | Abyss:2  | 21955 ||| Stepping ~*~*~tactically~*~*~ (stealth).
 21957 | Abyss:2  | 21957 ||| Stepping ~*~*~tactically~*~*~ (stealth).
 21958 | Abyss:2  | 21958 ||| Stepping ~*~*~tactically~*~*~ (stealth).
 21960 | Abyss:2  | 21960 ||| Stepping ~*~*~tactically~*~*~ (stealth).
 21961 | Abyss:2  | 21961 ||| Stepping ~*~*~tactically~*~*~ (stealth).
 21981 | Abyss:2  | 21981 ||| Stepping ~*~*~tactically~*~*~ (stealth).
 21983 | Abyss:2  | 21983 ||| Stepping ~*~*~tactically~*~*~ (stealth).
 21984 | Abyss:2  | 21984 ||| Stepping ~*~*~tactically~*~*~ (stealth).
 21985 | Abyss:2  | 21985 ||| Stepping ~*~*~tactically~*~*~ (stealth).
 21986 | Abyss:2  | 21986 ||| Stepping ~*~*~tactically~*~*~ (stealth).
 21988 | Abyss:2  | 21988 ||| Stepping ~*~*~tactically~*~*~ (stealth).
 21989 | Abyss:2  | 21989 ||| Stepping ~*~*~tactically~*~*~ (stealth).
 22007 | Abyss:2  | 22007 ||| INVOKING Heroism.
 22022 | Abyss:2  | 22022 ||| Stepping ~*~*~tactically~*~*~ (stealth).
 22027 | Abyss:2  | 22027 ||| Stepping ~*~*~tactically~*~*~ (stealth).
 22028 | Abyss:2  | 22028 ||| Stepping ~*~*~tactically~*~*~ (stealth).
 22036 | Abyss:2  | 22036 ||| Stepping ~*~*~tactically~*~*~ (stealth).
 22040 | Abyss:2  | HP: 25/116 [smoke demon/ball of steam (8)]
 22041 | Abyss:2  | 22041 ||| READING scroll of teleportation.
 22044 | Abyss:2  | HP: 6/116 [smoke demon/ball of steam (8)]
 22045 | Abyss:2  | 22045 ||| INVOKING Heroism.
 22048 | Abyss:2  | Slain by an angel

Levels and vault maps discovered:
D:1:      minmay_arrival_stair_chambers, layout_loops_ring
D:2:      layout_basic, nicolae_ecumenical_oubliette
D:3:      layout_rooms, mainiacjoe_overflow_concentric_impassable,
          chequers_garden, uniq_jessica, uniq_grinder, uniq_robin, uniq_natasha
D:4:      layout_loops_corners, nicolae_qazlal_eye_of_the_storm,
          mainiacjoe_overflow_chevrons, nrook_campfire, uniq_blork_the_orc
D:5:      nicolae_cairo_tiling, layout_loops_ring,
          nicolae_overflow_hidden_temple, temple_pool_b, feat_on_display,
          uniq_ijyb
D:6:      layout_basic, kennysheep_mini_moat, serial_shops,
          nicolae_shop_hallway_plus, abandoned_shop, st_stairs_11,
          minmay_crossroads, uniq_prince_ribbit1
D:7:      layout_loops_ring, fedhas_altar_4,
          mainiacjoe_overflow_small_starburst, makhleb_heckhound_becter,
          uniq_pikel
D:8:      layout_cave_pools, lemuel_coloured_pillars_altar,
          eat_drink_and_be_merry_uskayaw
D:9:      layout_basic, jmf_multi_god_temple, david_lair_shrubbed,
          grunt_ogre_cave, uniq_grum, uniq_erica
D:10:     layout_gridville, general_overflow_altar,
          nicolae_overflow_crystal_walls, hiddenorc1_lemuel, uniq_psyche
D:11:     layout_basic, uniq_fannar
D:12:     layout_rooms
D:13:     layout_basic, david_vaults_2, hellmonk_guarded_unrand_starlight
D:14:     minmay_the_grid_4x2 [minmay_the_grid_rooms, minmay_the_grid_tri_star,
          minmay_the_grid_x, minmay_the_grid_large_cup,
          minmay_the_grid_tiny_cups, minmay_the_grid_tree,
          minmay_the_grid_paths, minmay_the_grid_prize_shrinking_boxes],
          layout_basic, serial_shops, shop, nicolae_shop_bloodbath_and_beyond,
          nicolae_inconvenience_store, nicolae_shop_window_shopping,
          vehumet_crystals
Temple:   hellmonk_temple_of_storms
Lair:1:   layout_long_grid, minmay_hedge_maze, grunt_megastairs_3,
          infiniplex_staircase_pool_2
Lair:2:   layout_roguey, elwin_shoals_entry_rocks, grunt_megastairs_1
Lair:3:   layout_roguey, guppyfry_snake_entry_garden, uniq_gastronok
Lair:4:   layout_misc_corridors, minmay_slime_entry_oklob_enclosed
Lair:5:   due_jungle_book, layout_cave_pods, minmay_lindwurm_lava
Abyss:2:  base: Lair:5, hangedman_abyss_river_spirits

Skill      XL: |  1  2  3  4  5  6  7  8  9 10 11 12 13 14 15 |
---------------+----------------------------------------------+-----
Axes           | 2 3 4 5 7 8 10 11 12 14 16 | 16.0
Fighting       | 5 6 7 8 9 10 11 12 14 | 14.2
Armour         | 4 5 6 7 9 10 11 | 11.1
Dodging        | 1 2 4 6 |  6.9
Throwing       | 1 3 4 5 6 7 |  7.1
Invocations    | 3 4 6 9 10 | 10.0
Shields        | 4 5 6 7 8 9 |  9.1

Action                   |  1- 3 |  4- 6 |  7- 9 | 10-12 | 13-15 | 16-18 || total
-------------------------+-------+-------+-------+-------+-------+-------++-------
Melee: War axe           |    99 |   108 |   320 |   499 |  1222 |    73 ||  2321
       Morningstar       |       |       |       |       |    17 |       ||    17
Throw: Boomerang         |       |       |    25 |    49 |    94 |       ||   168
       Javelin           |       |       |       |    31 |    52 |       ||    83
Invok: Heroism           |       |       |     6 |    22 |    37 |     4 ||    69
       Finesse           |       |       |       |     2 |    11 |       ||    13
  Use: Scroll            |     2 |     4 |    14 |     7 |     4 |     1 ||    32
       Potion            |       |     1 |     2 |     1 |     2 |       ||     6
 Stab: Invisible         |       |       |       |       |     6 |       ||     6
       Petrified         |       |       |       |       |     5 |       ||     5
Armor: Scale mail        |    43 |    35 |       |       |       |       ||    78
       Chain mail        |       |    17 |    56 |       |   273 |    25 ||   371
       Plate armour      |       |       |   188 |   261 |   350 |       ||   799
Dodge: Dodged            |    40 |    28 |   105 |   153 |   438 |    28 ||   792
Block: Buckler           |    16 |    26 |    52 |   112 |   276 |    15 ||   497

Table legend:
 A = Non-vault XP
 B = Vault XP
 C = Vault XP percentage of total XP
 D = Non-vault monster count
 E = Vault monster count
 F = Vault count percentage of total count
                 A         B        C        D         E       F
            +---------+---------+-------+---------+---------+-------
      Total |   95190 |   38897 |  29.0 |     447 |     111 |  19.9
            +---------+---------+-------+---------+---------+-------
        D:1 |      48 |       0 |   0.0 |      26 |       0 |   0.0
        D:2 |      59 |       0 |   0.0 |      21 |       0 |   0.0
        D:3 |     220 |     371 |  62.8 |      23 |      11 |  32.4
        D:4 |     163 |      94 |  36.6 |      22 |       1 |   4.3
        D:5 |     526 |      36 |   6.4 |      15 |       1 |   6.2
        D:6 |     819 |     652 |  44.3 |      16 |       6 |  27.3
        D:7 |    1946 |     635 |  24.6 |      27 |       2 |   6.9
        D:8 |    1560 |       0 |   0.0 |      18 |       0 |   0.0
        D:9 |    2988 |    3330 |  52.7 |      15 |       8 |  34.8
       D:10 |    1429 |     610 |  29.9 |      11 |      18 |  62.1
       D:11 |    9823 |     878 |   8.2 |      22 |       1 |   4.3
       D:12 |    5803 |       0 |   0.0 |      27 |       0 |   0.0
       D:13 |    7775 |    5387 |  40.9 |      15 |       8 |  34.8
       D:14 |    3973 |    8762 |  68.8 |       6 |      15 |  71.4
     Lair:1 |    3214 |     905 |  22.0 |      10 |       5 |  33.3
     Lair:2 |    3252 |    2752 |  45.8 |      19 |       5 |  20.8
     Lair:3 |    7737 |    1858 |  19.4 |      27 |       3 |  10.0
     Lair:4 |   10862 |    1122 |   9.4 |      27 |       2 |   6.9
     Lair:5 |   19063 |   11505 |  37.6 |      59 |      25 |  29.8
    Abyss:2 |   13930 |       0 |   0.0 |      41 |       0 |   0.0
            +---------+---------+-------+---------+---------+-------
